 Dungeon Crawl Stone Soup version 0.20.1-1-g8b1a95d (webtiles) character file.

177 Inarius the Grave Robber (level 5, 0/42 HPs)
             Began as a Hill Orc Necromancer on July 4, 2017.
             Slain by an orc priest
             ... wielding a +0 war axe
              (5 damage)
             ... on level 4 of the Dungeon.
             The game lasted 00:14:19 (3851 turns).

Inarius the Grave Robber (Hill Orc Necromancer)     Turns: 3851, Time: 00:14:20

Health: 0/42       AC:  6    Str: 14    XL:     5   Next: 57%
Magic:  1/8        EV: 10    Int: 16    God:
Gold:   182        SH:  0    Dex: 11    Spells: 1/9 levels left

rFire    . . .     SeeInvis .   f - staff of energy
rCold    . . .     Gourm    .   (no shield)
rNeg     . . .     Faith    .   t - +0 ring mail
rPois    .         Spirit   .   (no helmet)
rElec    .         Reflect  .   (no cloak)
rCorr    +         Harm     .   n - +0 pair of gloves
MR       .....                  (no boots)
Stlth    +.........             (no amulet)
Regen    0.2/turn               E - ring of resist corrosion
MPRegen  0.2/turn               C - +3 ring of strength

@: no status effects
A: no striking features
a: Convert to Beogh


You were on level 4 of the Dungeon.
You were not hungry.

You visited 1 branch of the dungeon, and saw 4 of its levels.

You collected 182 gold pieces.

Inventory:

Hand Weapons
 k - a +0 dagger
 l - a +0 spear
 B - a +1 dagger of protection
Armour
 e - a +0 shield
 n - a +0 pair of gloves (worn)
 o - a +0 leather armour
 t - a +0 ring mail (worn)
Magical Staves
 f - an uncursed staff of energy (weapon)
Jewellery
 C - a +3 ring of strength (right hand)
 E - a ring of resist corrosion (left hand)
Scrolls
 d - 2 scrolls of magic mapping {unknown}
 h - 4 scrolls of remove curse {unknown}
 p - 2 scrolls of enchant armour {unknown}
 q - a scroll of teleportation {unknown}
 x - a scroll of recharging {unknown}
 y - 3 scrolls of fog {unknown}
 A - 4 scrolls of identify {unknown}
Potions
 i - a potion of might {unknown}
 j - 3 potions of curing {unknown}
 m - 2 potions of lignification {unknown}
 r - 2 potions of ambrosia {unknown}
 s - 2 potions of cancellation {unknown}
 u - 2 potions of heal wounds {unknown}
 v - 2 potions of resistance {unknown}
 w - a potion of agility
 z - a potion of brilliance {unknown}
 D - a potion of invisibility {unknown}
 G - a potion of berserk rage {unknown}
Books
 b - a book of Necromancy

   Spells                             Type                      Level
   a - Pain                           Necromancy                   1
   b - Animate Skeleton               Necromancy                   1
   c - Vampiric Draining              Necromancy                   3
   d - Regeneration                   Charms/Necromancy            3
   e - Animate Dead                   Necromancy                   4
   f - Control Undead                 Necromancy                   4
Comestibles
 a - a royal jelly
 c - 2 bread rations
 g - 2 meat rations
 F - 3 chunks of flesh


   Skills:
 * Level 2.4 Fighting
 - Level 0.2 Short Blades
 + Level 0.5 Staves
 + Level 0.9 Armour
 - Level 1.5 Dodging
 - Level 1.5 Stealth
 * Level 1.8 Shields
 + Level 2.5 Spellcasting
 + Level 4.9 Necromancy


You had one spell level left.
You knew the following spells:

 Your Spells              Type           Power        Failure   Level  Hunger
a - Pain                  Necr           ###.         5%          1    None
b - Animate Skeleton      Necr           N/A          5%          1    None
c - Regeneration          Chrm/Necr      #.........   41%         3    None
d - Vampiric Draining     Necr           ###.......   16%         3    None


Dungeon Overview and Level Annotations

Branches:
Dungeon (4/15)
 Temple: D:4-7

Altars:
Xom

Annotations:
D:3 Grinder
D:4 Eustachio


Message History

Casting: Animate Skeleton
Confirm with . or Enter, or press ? or * to list all spells.
Okay, then.
Unknown command.
You hit the orc priest.
The orc priest is severely wounded.
The orc priest misses you.
The orc priest hits your orc wizard skeleton with a war axe.
Your orc wizard skeleton is destroyed!
The orc wizard points at you and mumbles some strange words.
The magic dart hits you!
The orc priest calls down the wrath of Beogh upon you.
Beogh smites you!
* * * LOW HITPOINT WARNING * * *
Things that are here:
a dagger; a robe You hit the orc priest.
The orc priest is severely wounded.
The orc priest hits you with a war axe.
You die...

#..##
##...#####
#...## #.##.#
#....# #.# #.#
#..##.#.. #..
#..# #.. #.##
#..# #..# ..#
#..# #...# #..
#..# ## #@.#
#oo# #
#..#####.##
#.........#
##....o...o...
#########.#..
.o .


You could see an orc priest and an orc wizard.

Vanquished Creatures
  An orc wizard (D:4)
  A worker ant (D:4)
  A howler monkey zombie (D:4)
  3 adders
  An ooze (D:3)
  A worm (D:3)
  A dart slug (D:1)
  5 leopard geckos
  5 giant cockroaches
  7 hobgoblins
  4 jackals (D:2)
  5 kobolds
  A quokka (D:2)
  6 bats
  3 frilled lizards
  11 goblins
  6 rats
62 creatures vanquished.

Vanquished Creatures (collateral kills)
  A worm (D:2)
  A giant cockroach (D:1)
  A goblin (D:1)
  A kobold (D:1)
  A bat (D:2)
  A frilled lizard (D:2)
  3 rats
9 creatures vanquished.

Grand Total: 71 creatures vanquished

Notes
Turn   | Place    | Note
-------+----------+-------------------------------------------
     0 | D:1      | Inarius the Hill Orc Necromancer began the quest for the Orb.
     0 | D:1      | Reached XP level 1. HP: 14/14 MP: 3/3
    23 | D:1      | Learned a level 1 spell: Animate Skeleton
   185 | D:1      | Reached skill level 1 in Fighting
   185 | D:1      | Reached XP level 2. HP: 12/23 MP: 0/4
   939 | D:2      | Reached XP level 3. HP: 26/28 MP: 1/5
   977 | D:2      | Learned a level 3 spell: Regeneration
  1930 | D:2      | Reached skill level 1 in Shields
  2179 | D:2      | Reached XP level 4. HP: 16/36 MP: 3/7
  2507 | D:3      | Found a shimmering altar of Xom.
  2670 | D:3      | Found a faded altar of an unknown god.
  2806 | D:3      | Noticed Grinder
  3010 | D:4      | Noticed Eustachio
  3311 | D:3      | Reached XP level 5. HP: 38/41 MP: 2/8
  3390 | D:3      | Learned a level 3 spell: Vampiric Draining
  3851 | D:4      | Slain by an orc priest

Skill      XL: |  1  2  3  4 |
---------------+-------------+-----
Fighting       | 1 2 |  2.4
Spellcasting   | 2 |  2.5
Shields        | 1 |  1.8
Short Blades   | |  0.2
Staves         | |  0.5
Armour         | |  0.9
Dodging        | |  1.5
Stealth        | |  1.5
Necromancy     | |  4.9

Action                   |  1- 3 |  4- 6 || total
-------------------------+-------+-------++-------
Melee: Unarmed           |     8 |       ||     8
       Dagger            |     6 |    36 ||    42
       Spear             |   112 |       ||   112
       Staff             |       |    44 ||    44
 Cast: Pain              |    36 |    45 ||    81
       Animate Skeleton  |    20 |     9 ||    29
       Regeneration      |     2 |     1 ||     3
       Vampiric Draining |       |     2 ||     2
 Stab: Sleeping          |     2 |       ||     2
  Eat: Chunk             |     6 |     2 ||     8
       Bread ration      |       |     1 ||     1
Armor: Robe              |     5 |       ||     5
       Leather armour    |    39 |       ||    39
       Ring mail         |       |    43 ||    43
Dodge: Dodged            |    96 |    58 ||   154
